 Dungeon Crawl Stone Soup version 0.18-a0-486-gab6c0bd (console) character file.

191 bli the Insei (level 5, 0/34 HPs)
             Began as an Octopode Transmuter on Dec 2, 2015.
             Was a Believer of Cheibriados.
             Killed from afar by bli's ghost (13 damage)
             ... with a rocky blast
             ... on level 3 of the Dungeon.
             The game lasted 00:05:40 (2361 turns).

bli the Insei (Octopode Transmuter)                 Turns: 2361, Time: 00:05:41

Health: 0/34       AC:  1    Str: 14    XL:     5   Next: 70%
Magic:  8/8        EV: 14    Int: 20    God:    Cheibriados [**....]
Gold:   122        SH:  0    Dex: 16    Spells: 2 memorised, 4 levels left

rFire  . . .     SeeInvis .       - Unarmed
rCold  . . .     Clarity  .     (no shield)
rNeg   . . .     SustAt   .     (helmet restricted)
rPois  .         Gourm    .     (no amulet)
rElec  .         Spirit   .     (no ring)
rCorr  .         Dismiss  .     (no ring)
rMut   .         Stasis   .     (no ring)
MR     .....                    (no ring)
Stlth  ++++......               (no ring)
                                (no ring)
                                (no ring)
                                (no ring)

@: very slow, not resistant to hostile enchantments, stealthy
A: almost no armour, amphibious, 8 rings, constrict 8, camouflage 1, gelatinous
body 1
a: Bend Time, Renounce Religion


You were on level 3 of the Dungeon.
You worshipped Cheibriados.
Cheibriados was pleased with you.
You were not hungry.

You visited 1 branch of the dungeon, and saw 3 of its levels.

You collected 122 gold pieces.

Inventory:

Missiles
 a - 53 arrows
 e - 79 stones (quivered)
Armour
 u - a +0 cloak
Jewellery
 p - an uncursed amulet of stasis {unknown}
Scrolls
 d - a scroll of teleportation {unknown}
 g - 2 scrolls of enchant armour {unknown}
 i - a scroll of noise {unknown}
 k - a scroll of fear {unknown}
 l - a scroll of recharging {unknown}
 m - a scroll of amnesia {unknown}
 n - a scroll of enchant weapon {unknown}
 o - a scroll of identify {unknown}
 q - a scroll of blinking {unknown}
 r - a scroll of immolation {unknown}
 s - a scroll of random uselessness {unknown}
Potions
 f - a potion of flight {unknown}
 h - a potion of degeneration {unknown}
 j - 2 potions of curing {unknown}
 v - a potion of beneficial mutation {unknown}
Books
 b - a book of Changes

   Spells                             Type                      Level
   a - Beastly Appendage              Transmutation                1
   b - Sticks to Snakes               Transmutation                2
   c - Spider Form                    Transmutation/Poison         3
   d - Ice Form                       Ice/Transmutation            4
   e - Blade Hands                    Transmutation                5
Comestibles
 c - 2 bread rations
 t - 9 chunks of flesh


   Skills:
 + Level 2.0 Fighting
 + Level 3.4 Dodging
 + Level 3.5 Stealth
 + Level 4.1 Unarmed Combat
 - Level 2.0 Spellcasting
 + Level 2.4 Transmutations


You had 4 spell levels left.
You knew the following spells:

 Your Spells              Type           Power        Failure   Level  Hunger
a - Beastly Appendage     Trmt           ##....       10%         1    #......
b - Spider Form           Trmt/Pois      #.........   30%         3    ###....


Dungeon Overview and Level Annotations

Branches:
Dungeon (3/15)

Altars:
Cheibriados
Elyvilon
Gozag
Okawaru
Trog

Annotations:
D:3 bli's ghost, amateur GrEE


Innate Abilities, Weirdness & Mutations

You cannot wear most types of armour.
You are amphibious.
You can wear up to eight rings at the same time.
You can use your tentacles to constrict eight enemies at once.
Your skin changes colour to match your surroundings (Stealth).
Your rubbery body absorbs attacks (AC +1).


Message History

You tentacle-slap bli's ghost.
Bli's ghost is severely damaged.
Bli's ghost points at you and mumbles some strange words.
The rocky blast hits you!
You barely miss bli's ghost.
Bli's ghost is severely damaged.
Bli's ghost gestures at you while chanting.
The rocky blast misses you.
You tentacle-slap bli's ghost.
You squeeze bli's ghost, but do no damage.
Bli's ghost is severely damaged.
Bli's ghost closely misses you.
You tentacle-slap bli's ghost.
Bli's ghost is almost destroyed.
Bli's ghost misses you.
You tentacle-slap bli's ghost.
Bli's ghost is almost destroyed.
Bli's ghost casts a spell at you. The rocky blast hits you!
You die...

.... #.# ## ... #.## [.##
#.. #..# ..... #..##
#..#####...## #...#
#..##........ .####...+
#............
..PP.....####....).......
..............##)###?..##
#.......)...####.# ..#
#...#######.# #W# . #...
#.# #@# ...[#######.##
#.# .............# #.#
#..##<#####..# #..
#.....<......# #.#
#...#.######.# ##.
.###..# .. . ..# ... .
#..# ..## ...# ## #..#


You could see bli's ghost.

Vanquished Creatures
  A centaur (D:3)
  An orc wizard (D:3)
  3 adders (D:2)
  3 oozes
  A worm (D:2)
  2 orcs (D:3)
  A ball python (D:1)
  4 giant cockroaches
  11 goblins
  4 hobgoblins
  5 jackals (D:1)
  4 kobolds
  9 bats
  A giant gecko (D:1)
  2 giant newts (D:2)
  A quokka (D:2)
  3 rats
56 creatures vanquished.

Notes
Turn   | Place    | Note
--------------------------------------------------------------
     0 | D:1      | bli the Octopode Transmuter began the quest for the Orb.
     0 | D:1      | Reached XP level 1. HP: 13/13 MP: 3/3
   397 | D:1      | Reached XP level 2. HP: 16/18 MP: 5/5
   853 | D:1      | Reached XP level 3. HP: 15/23 MP: 6/6
  1309 | D:2      | Found a bloodstained altar of Trog.
  1317 | D:2      | Found a white marble altar of Elyvilon.
  1364 | D:2      | Found an opulent altar of Gozag.
  1414 | D:2      | Found a faded altar to an unknown god.
  1428 | D:2      | Became a worshipper of Cheibriados the Contemplative
  1428 | D:2      | Reached * piety under Cheibriados
  1570 | D:2      | Found an iron altar of Okawaru.
  1596 | D:2      | Reached XP level 4. HP: 12/28 MP: 7/7
  1715 | D:2      | Reached skill level 1 in Stealth
  1812 | D:2      | Reached ** piety under Cheibriados
  2120 | D:3      | Noticed a centaur
  2131 | D:3      | Reached skill level 4 in Unarmed Combat
  2131 | D:3      | Reached XP level 5. HP: 21/34 MP: 8/8
  2137 | D:3      | Killed a centaur
  2343 | D:3      | Noticed bli's ghost (amateur GrEE)
  2347 | D:3      | Learned a level 3 spell: Spider Form
  2361 | D:3      | Killed from afar by bli's ghost

Vault maps used:
D:1:      minmay_arrival_open_corners, roderic_lattice_a, st_stairs_1
D:2:      elyvilon_altar_5, nicolae_gozag_seed_capital, okawaru_gym_becter,
          lemuel_crystal_altar, first_bread, ecumenical_altar_2
D:3:      corexii_shack_village, serial_forest, infiniplex_forest_clump_cross,
          infiniplex_forest_end_3, infiniplex_forest_clump_diagonal,
          infiniplex_forest_lined_ring, infiniplex_forest_lined_1,
          infiniplex_forest_lined_3, uniq_terence

Action                   |  1- 3 |  4- 6 || total
-------------------------+-------+-------++-------
Melee: Unarmed           |    96 |    45 ||   141
 Stab: Sleeping          |     6 |     3 ||     9
       Distracted        |     1 |       ||     1
  Eat: Chunk             |     1 |     2 ||     3
